[Event "ICC tourney 3383 (40 10)"]
[Site "Internet Chess Club"]
[Date "2024.02.10"]
[Round "4"]
[White "Pendse, Vihaan:awakeprize"]
[Black "GUI, SUYUAN:EatSleepChess"]
[Result "1/2-1/2"]
[ICCResult "Game drawn by repetition"]
[WhiteElo "2008"]
[BlackElo "1998"]
[Opening "Caro-Kann: classical, Spassky variation"]
[ECO "B19"]
[NIC "CK.12"]
[Time "17:45:20"]
[PlyCount "108"]
[TimeControl "2400+10"]

1. e4 c6 2. Nc3 d5 3. d4 dxe4 4. Nxe4 Bf5 5. Ng3 Bg6 6. h4 h6 7. Nf3 Nd7 8.
h5 Bh7 9. Bd3 Bxd3 10. Qxd3 e6 11. Bf4 Bb4+ 12. c3 Be7 13. O-O-O Ngf6 14.
Ne4 Nxe4 15. Qxe4 Nf6 16. Qe2 O-O 17. Ne5 Qa5 18. Kb1 c5 19. Rh3 cxd4 20.
cxd4 Qd5 21. f3 Rad8 22. g4 Nd7 23. Rhh1 Nxe5 24. dxe5 Qa5 25. Qe4 Rxd1+ 26.
Rxd1 Rd8 27. Rxd8+ Qxd8 28. a3 Qd7 29. Be3 a6 30. Ka2 Qb5 31. f4 Bc5 32. Bd2
Qd7 33. Bc3 Kf8 34. f5 Qd5+ 35. Qxd5 exd5 36. b4 Be3 37. Kb3 d4 38. Be1 b5
39. Kc2 Bf4 40. e6 fxe6 41. fxe6 Ke7 42. Bf2 Be3 43. Bxe3 dxe3 44. Kd3 Kxe6
45. Kxe3 Ke5 46. Kf3 Kf6 47. Kf4 g5+ 48. Kf3 Ke5 49. Ke3 Kd5 50. Kd3 Ke5 51.
Ke3 Kd5 52. Kd3 Ke5 53. Ke3 Kd5 54. Kd3 Ke5 {Game drawn by repetition}
1/2-1/2

[Event "ICC tourney 3383 (40 10)"]
[Site "Internet Chess Club"]
[Date "2024.02.10"]
[Round "4"]
[White "TAO, SIHAN:pangpangba"]
[Black "KONA, VIDIP KUMAR:Vidipkona"]
[Result "1/2-1/2"]
[ICCResult "Game drawn because neither player has mating material"]
[WhiteElo "2245"]
[BlackElo "2060"]
[Opening "Caro-Kann: two knights, 3...Bg4"]
[ECO "B11"]
[NIC "CK.01"]
[Time "17:45:17"]
[PlyCount "189"]
[TimeControl "2400+10"]

1. e4 c6 2. Nc3 d5 3. Nf3 Bg4 4. h3 Bh5 5. exd5 cxd5 6. Bb5+ Nd7 7. Nxd5 a6
8. Bxd7+ Qxd7 9. Nf4 Bxf3 10. Qxf3 Nf6 11. O-O e6 12. d4 Bd6 13. Nh5 Nxh5
14. Qxh5 O-O 15. Qf3 Be7 16. Be3 Bf6 17. c3 b5 18. Rfd1 Rfd8 19. d5 exd5 20.
Bb6 Re8 21. Rxd5 Qc6 22. Be3 h6 23. Rad1 Kh7 24. Qf5+ Kg8 25. Rc5 Qe6 26.
Qxe6 Rxe6 27. Rc7 Bd8 28. Rcd7 Bb6 29. Bxb6 Rxb6 30. R1d6 Rxd6 31. Rxd6 Ra7
32. Rd8+ Kh7 33. Kf1 Kg6 34. Ke2 Kf6 35. Kd2 Ke7 36. Rd4 Rb7 37. Kc2 Ke6 38.
a4 Rb6 39. axb5 Rxb5 40. Re4+ Kd7 41. Rd4+ Kc7 42. Ra4 Rb6 43. Rf4 f6 44.
Rg4 g5 45. Rc4+ Kd7 46. Rd4+ Kc7 47. Rd5 Rb7 48. Rc5+ Kd7 49. Rd5+ Kc7 50.
b4 Rb6 51. Rc5+ Kb7 52. Kd3 Rd6+ 53. Ke3 Re6+ 54. Kf3 h5 55. Rc4 Kb6 56. Re4
Rd6 57. Re8 Rd3+ 58. Re3 Rd6 59. Ke4 Kb5 60. Rd3 Re6+ 61. Kf5 Rc6 62. Rd5+
Kc4 63. Ra5 Kxc3 64. b5 Rc5+ 65. Kxf6 axb5 66. Ra3+ Kc2 67. Ra5 Kc3 68. Ra3+
Kc4 69. Kg6 h4 70. Kh5 b4 71. Ra1 b3 72. Kg4 b2 73. Rb1 Rb5 74. f4 gxf4 75.
Kxh4 Kc3 76. Kg4 Rb4 77. h4 Kc2 78. Rf1 b1=Q 79. Rxb1 Kxb1 80. h5 Kc2 81. h6
Kd3 82. h7 Rb8 83. Kxf4 Rh8 84. g4 Rxh7 85. g5 Kd4 86. g6 Rh1 87. Kf5 Kd5
88. g7 Rg1 89. Kf6 Kd6 90. Kf7 Rf1+ 91. Kg6 Rg1+ 92. Kf7 Rf1+ 93. Kg6 Rg1+
94. Kf7 Rxg7+ 95. Kxg7 {Game drawn because neither player has mating
material} 1/2-1/2

[Event "ICC tourney 3383 (40 10)"]
[Site "Internet Chess Club"]
[Date "2024.02.10"]
[Round "4"]
[White "LIANG, YU-CHENG:Yucheng"]
[Black "Mitrabha, Guha:babysnake"]
[Result "0-1"]
[ICCResult "White resigns"]
[WhiteElo "2213"]
[BlackElo "2576"]
[Opening "English opening"]
[ECO "A05"]
[NIC "EO.47"]
[Time "17:46:00"]
[PlyCount "144"]
[TimeControl "2400+10"]

1. Nf3 Nf6 2. c4 b6 3. b3 g6 4. Bb2 Bg7 5. g3 Bb7 6. Bg2 c5 7. O-O O-O 8. e3
Nc6 9. d4 cxd4 10. Nxd4 Qc8 11. Nxc6 Bxc6 12. Nc3 Bxg2 13. Kxg2 Qc6+ 14. Qf3
Rfc8 15. Nd5 Nxd5 16. cxd5 Qd6 17. Bxg7 Kxg7 18. Rad1 Rc2 19. a4 Rac8 20.
Rd3 Rb2 21. e4 Rcc2 22. Qf4 Qxf4 23. gxf4 d6 24. Kf3 a6 25. Ke3 Re2+ 26. Kf3
b5 27. axb5 axb5 28. Rc3 Kf6 29. Rc7 Rec2 30. Rxc2 Rxc2 31. Re1 h6 32. Re2
Rc1 33. h4 h5 34. Kg2 Rc3 35. Re3 Rc1 36. Rd3 Rb1 37. f3 Kg7 38. Rc3 f6 39.
Kg3 Kf7 40. Kg2 Rb2+ 41. Kg3 Ke8 42. Kh3 Kd7 43. Kg3 b4 44. Rd3 Kc7 45. Re3
Kd7 46. Rd3 Ke8 47. Kh3 Kd8 48. Kg3 Kd7 49. Kh3 Kc7 50. Re3 Rc2 51. Kg3 Rc3
52. Kf2 Rc2+ 53. Kg3 Rd2 54. Kh3 Kb6 55. e5 Rxd5 56. exf6 exf6 57. Re6 Kc5
58. Rxf6 Rd3 59. Rxg6 Rxf3+ 60. Kg2 Rxf4 61. Rg5+ Kd4 62. Rxh5 Kc3 63. Kg3
Rf8 64. Rd5 Rd8 65. h5 Kxb3 66. h6 Kc4 67. Rd1 b3 68. Kf4 b2 69. Kf5 d5 70.
h7 d4 71. Rh1 Rh8 72. Ke5 Rxh7 {White resigns} 0-1

[Event "ICC tourney 3383 (40 10)"]
[Site "Internet Chess Club"]
[Date "2024.02.10"]
[Round "4"]
[White "Liang, Jason:Jupiter435"]
[Black "QUIRKE, JEFFREY L:PawnEatingZombi"]
[Result "1/2-1/2"]
[ICCResult "Game drawn by mutual agreement"]
[WhiteElo "2525"]
[BlackElo "2165"]
[Opening "Ruy Lopez: Taimanov (chase/wing/accelerated counterthrust) variation"]
[ECO "C70"]
[NIC "RL.09"]
[Time "17:45:21"]
[PlyCount "104"]
[TimeControl "2400+10"]

1. e4 e5 2. Nf3 Nc6 3. Bb5 a6 4. Ba4 b5 5. Bb3 Na5 6. Nc3 d6 7. d4 exd4 8.
Qxd4 Bb7 9. Bg5 Ne7 10. Qd3 h6 11. Bh4 Nxb3 12. axb3 Qd7 13. O-O Ng6 14. Bg3
Be7 15. Rfe1 O-O 16. Rad1 Rad8 17. Nd4 Rfe8 18. Nf5 Bf8 19. Nd5 c6 20. Nde3
d5 21. exd5 cxd5 22. Ng4 Rxe1+ 23. Rxe1 Kh8 24. h3 d4 25. Kh2 Qd5 26. f3 Bc8
27. Ne5 Nxe5 28. Rxe5 Qd7 29. Qxd4 Qxd4 30. Nxd4 Bb7 31. c3 b4 32. Ra5 bxc3
33. bxc3 Bb4 34. cxb4 Rxd4 35. b5 axb5 36. Rxb5 Bd5 37. Rb8+ Kh7 38. Rd8 Rd1
39. Rb8 Rd2 40. Kg1 Rb2 41. b4 Bc4 42. Be5 Rb3 43. Kf2 h5 44. h4 Kg6 45. Kg3
f6 46. Bd4 Kf5 47. Rb6 Rb1 48. Kh2 Rd1 49. Be3 Rd3 50. Rc6 Bd5 51. Rc5 Ke6
52. Bf4 Rd4 {Game drawn by mutual agreement} 1/2-1/2

[Event "ICC tourney 3383 (40 10)"]
[Site "Internet Chess Club"]
[Date "2024.02.10"]
[Round "5"]
[White "MARKOVIC, GORAN:Goran21"]
[Black "JAGAN, AASHISH:aashishjagan"]
[Result "1-0"]
[ICCResult "Black checkmated"]
[WhiteElo "2006"]
[BlackElo "1818"]
[Opening "Sicilian defense"]
[ECO "B40"]
[NIC "SI.43"]
[Time "20:00:10"]
[PlyCount "75"]
[TimeControl "2400+10"]

1. e4 c5 2. Nf3 e6 3. d3 Nc6 4. g3 g6 5. Bg5 Qb6 6. Bc1 Bg7 7. c3 Nge7 8.
Bg2 O-O 9. O-O d5 10. Nbd2 Rd8 11. exd5 exd5 12. Nb3 Bg4 13. h3 Bxf3 14.
Bxf3 c4 15. Be3 Qc7 16. Bf4 Be5 17. Bxe5 Nxe5 18. dxc4 dxc4 19. Nd4 Qb6 20.
Rb1 N7c6 21. Bxc6 bxc6 22. Qe2 Nd3 23. b3 Re8 24. Qd2 Ne5 25. bxc4 Qa6 26.
c5 Rad8 27. Qf4 Qc4 28. Rb7 Nd3 29. Qf6 Nxc5 30. Rxa7 Ne4 31. Qf4 Nxc3 32.
h4 Rxd4 33. Qf6 Qe6 34. Qf3 Ne2+ 35. Kh2 Qd5 36. Qf6 Qd6 37. Qxf7+ Kh8 38.
Qg7# {Black checkmated} 1-0

[Event "ICC tourney 3383 (40 10)"]
[Site "Internet Chess Club"]
[Date "2024.02.10"]
[Round "5"]
[White "Li, Alex:AlexLi31415"]
[Black "KARTHIKEYAN, HARISHKUMAR:TheThinker15647"]
[Result "1/2-1/2"]
[ICCResult "Game drawn by mutual agreement"]
[WhiteElo "1835"]
[BlackElo "1953"]
[Opening "Queen's bishop game"]
[ECO "D00"]
[NIC "QP.08"]
[Time "20:00:14"]
[PlyCount "38"]
[TimeControl "2400+10"]

1. d4 d5 2. Bf4 Nf6 3. Nf3 e6 4. e3 Bd6 5. Bg3 O-O 6. Bd3 c5 7. c3 Qc7 8.
Nbd2 Nbd7 9. e4 e5 10. O-O Nxe4 11. Nxe4 dxe4 12. Bxe4 f5 13. Bd5+ Kh8 14.
dxe5 Nxe5 15. Bxe5 Bxe5 16. Nxe5 Qxe5 17. Qf3 f4 18. Rfe1 Qg5 19. h3 Bf5
{Game drawn by mutual agreement}
1/2-1/2

[Event "ICC tourney 3383 (40 10)"]
[Site "Internet Chess Club"]
[Date "2024.02.10"]
[Round "5"]
[White "Mitrabha, Guha:babysnake"]
[Black "SANTOS LATASA, JAIME:jsl1996"]
[Result "0-1"]
[ICCResult "White resigns"]
[WhiteElo "2576"]
[BlackElo "2662"]
[Opening "English: four knights, Nimzovich variation"]
[ECO "A28"]
[NIC "EO.09"]
[Time "20:00:27"]
[PlyCount "78"]
[TimeControl "2400+10"]

1. c4 e5 2. Nc3 Nf6 3. Nf3 Nc6 4. e4 Bb4 5. d3 d6 6. a3 Bc5 7. b4 Bb6 8. Be3
Bg4 9. Be2 Bxf3 10. Bxf3 Nd4 11. O-O O-O 12. Rb1 a5 13. b5 Bc5 14. Ra1 Ne6
15. Bg4 Bd4 16. Rc1 Nc5 17. Bh3 a4 18. Ne2 Bb2 19. Rb1 Bxa3 20. Nc3 c6 21.
Bxc5 Bxc5 22. Nxa4 Bd4 23. bxc6 bxc6 24. c5 Qa5 25. Nb6 Rad8 26. Qb3 Qxc5
27. Nc4 h5 28. Nd2 Ra8 29. Rbc1 Qa5 30. Nf3 Rab8 31. Qc2 c5 32. Rb1 g6 33.
g3 Kg7 34. Ng5 Rb4 35. Kg2 Rfb8 36. Nf3 Qa3 37. Nxd4 exd4 38. e5 dxe5 39.
Qxc5 Qa8+ {White resigns} 0-1

[Event "ICC tourney 3383 (40 10)"]
[Site "Internet Chess Club"]
[Date "2024.02.10"]
[Round "5"]
[White "Liang, Jason:Jupiter435"]
[Black "HSIAO, ETHAN:tashunhsiao"]
[Result "1-0"]
[ICCResult "Black checkmated"]
[WhiteElo "2525"]
[BlackElo "2076"]
[Opening "French: Steinitz, Boleslavsky variation"]
[ECO "C11"]
[NIC "FR.04"]
[Time "20:00:27"]
[PlyCount "61"]
[TimeControl "2400+10"]

1. e4 e6 2. d4 d5 3. Nc3 Nf6 4. e5 Nfd7 5. f4 c5 6. Nf3 Nc6 7. Be3 a6 8. Ne2
Be7 9. c3 O-O 10. g3 b5 11. Bg2 Qb6 12. O-O a5 13. Qd2 cxd4 14. cxd4 Ba6 15.
f5 exf5 16. Nf4 Bb4 17. Qf2 Qd8 18. Nxd5 Bb7 19. Nh4 Rb8 20. Nxf5 Ne7 21.
Ndxe7+ Bxe7 22. Bxb7 Rxb7 23. Qf3 Rb6 24. Rac1 Bg5 25. Bxg5 Qxg5 26. Rc7 Qd8
27. Rc8 Qg5 28. Nh6+ Qxh6 29. Qxf7+ Kh8 30. Qxf8+ Nxf8 31. Rcxf8#
{Black checkmated}
1-0

[Event "ICC tourney 3383 (40 10)"]
[Site "Internet Chess Club"]
[Date "2024.02.10"]
[Round "5"]
[White "WANG, RACHEL ZIHAN:Rachelw07511"]
[Black "OPASKA, MICHAEL:mopaska1106"]
[Result "1/2-1/2"]
[ICCResult "Game drawn by repetition"]
[WhiteElo "1903"]
[BlackElo "2053"]
[Opening "QGD: Capablanca-Duras variation"]
[ECO "E10"]
[NIC "QI.01"]
[Time "20:00:10"]
[PlyCount "63"]
[TimeControl "2400+10"]

1. d4 Nf6 2. c4 e6 3. Nf3 d5 4. Bg5 h6 5. Bh4 Bb4+ 6. Nbd2 g5 7. Bg3 g4 8.
Ne5 Ne4 9. Bf4 Qf6 10. Nd3 Bxd2+ 11. Bxd2 dxc4 12. Qa4+ Nc6 13. Qxc4 Nxd2
14. Kxd2 Qxd4 15. Rc1 Qxc4 16. Rxc4 f5 17. g3 Bd7 18. Bg2 Ke7 19. e4 Rad8
20. Re1 Kf6 21. Kc3 h5 22. Nf4 Ne5 23. Rxc7 Rc8 24. Rxc8 Rxc8+ 25. Kb3 h4
26. exf5 exf5 27. Nd5+ Ke6 28. Nf4+ Kf6 29. Nd5+ Ke6 30. Nf4+ Kf6 31. Nd5+
Ke6 32. Nf4+ {Game drawn by repetition} 1/2-1/2

[Event "ICC tourney 3383 (40 10)"]
[Site "Internet Chess Club"]
[Date "2024.02.10"]
[Round "5"]
[White "QUIRKE, JEFFREY L:PawnEatingZombi"]
[Black "TAO, SIHAN:pangpangba"]
[Result "1/2-1/2"]
[ICCResult "Game drawn by repetition"]
[WhiteElo "2165"]
[BlackElo "2245"]
[Opening "QGD: exchange variation"]
[ECO "D35"]
[NIC "QO.16"]
[Time "20:00:16"]
[PlyCount "45"]
[TimeControl "2400+10"]

1. d4 Nf6 2. c4 e6 3. Nc3 d5 4. cxd5 Nxd5 5. e4 Nxc3 6. bxc3 c5 7. Rb1 cxd4
8. cxd4 Be7 9. Nf3 O-O 10. Bc4 b6 11. Qe2 Bb7 12. O-O Nd7 13. d5 exd5 14.
exd5 Nc5 15. Rd1 Bd6 16. Bg5 Qe8 17. Qc2 Qe4 18. Qc3 Rac8 19. Rbc1 Na4 20.
Qb3 Nc5 21. Qc3 Na4 22. Qb3 Nc5 23. Qc3 {Game drawn by repetition} 1/2-1/2

[Event "ICC tourney 3383 (40 10)"]
[Site "Internet Chess Club"]
[Date "2024.02.10"]
[Round "5"]
[White "KONA, VIDIP KUMAR:Vidipkona"]
[Black "LIANG, YU-CHENG:Yucheng"]
[Result "1/2-1/2"]
[ICCResult "Game drawn by mutual agreement"]
[WhiteElo "2060"]
[BlackElo "2213"]
[Opening "English: symmetrical, hedgehog system"]
[ECO "A05"]
[NIC "EO.40"]
[Time "20:00:10"]
[PlyCount "77"]
[TimeControl "2400+10"]

1. Nf3 Nf6 2. c4 e6 3. g3 b6 4. Bg2 Bb7 5. O-O c5 6. Nc3 Be7 7. e3 O-O 8. b3
d6 9. Bb2 a6 10. Qe2 Nbd7 11. d4 cxd4 12. Nxd4 Bxg2 13. Kxg2 Qc7 14. f3 Rfd8
15. Rac1 Qb7 16. e4 Rac8 17. Rfd1 Bf8 18. Nc2 Nb8 19. Ne3 Rd7 20. Rd2 Rcd8
21. Ncd1 Nc6 22. Nf2 b5 23. Rcd1 bxc4 24. bxc4 Nb8 25. Bc3 Rc8 26. Rb2 Qa8
27. Qc2 Rdc7 28. Bxf6 gxf6 29. Nfg4 Nd7 30. Qc3 Bg7 31. Qc2 d5 32. exd5 f5
33. Nf2 Bxb2 34. Qxb2 Qa7 35. Re1 Qb6 36. Qd2 Qd6 37. Qe2 Nb6 38. Qd2 Nd7
39. Qe2 {Game drawn by mutual agreement} 1/2-1/2

[Event "ICC tourney 3383 (40 10)"]
[Site "Internet Chess Club"]
[Date "2024.02.10"]
[Round "5"]
[White "Pendse, Vihaan:awakeprize"]
[Black "YUAN, SERENA:doudou2011"]
[Result "0-1"]
[ICCResult "White resigns"]
[WhiteElo "2008"]
[BlackElo "1908"]
[Opening "Caro-Kann: Tartakower (Nimzovich) variation"]
[ECO "B15"]
[NIC "CK.06"]
[Time "20:00:14"]
[PlyCount "105"]
[TimeControl "2400+10"]

1. e4 c6 2. d4 d5 3. Nd2 dxe4 4. Nxe4 Nf6 5. Nxf6+ exf6 6. c3 Bd6 7. Bd3 O-O
8. Qc2 Re8+ 9. Ne2 h5 10. Be3 h4 11. h3 Be6 12. O-O Nd7 13. Nf4 Nf8 14. Rfe1
Qc7 15. Nxe6 Nxe6 16. Bc4 b5 17. Bb3 a5 18. a4 b4 19. c4 Bf4 20. Qf5 Bxe3
21. fxe3 Qg3 22. Qf3 Qxf3 23. gxf3 Ng5 24. Kg2 f5 25. Bc2 g6 26. b3 Rad8 27.
Rad1 Re7 28. d5 cxd5 29. cxd5 Rc7 30. Re2 Rc5 31. e4 fxe4 32. f4 Nh7 33.
Bxe4 Nf6 34. Kf3 Re8 35. d6 Rc3+ 36. Kg2 Nh5 37. Rf2 Rxb3 38. d7 Rd8 39. Bc6
Re3 40. Rd5 Re6 41. Rc5 Rd6 42. Bb5 Kf8 43. Rc8 Ke7 44. Rxd8 Kxd8 45. Rc2
Nxf4+ 46. Kf3 Ne6 47. Rc8+ Ke7 48. Ra8 b3 49. Rb8 Nd4+ 50. Kg4 Nxb5 51. Rxb5
Rd4+ 52. Kg5 Rb4 53. Re5+ {White resigns} 0-1

[Event "ICC tourney 3383 (40 10)"]
[Site "Internet Chess Club"]
[Date "2024.02.10"]
[Round "5"]
[White "A Knapp, Joseph:jukebox"]
[Black "ZHOU, JIANCHAO:TomCruise999"]
[Result "0-1"]
[ICCResult "White resigns"]
[WhiteElo "2002"]
[BlackElo "2662"]
[Opening "English opening"]
[ECO "A05"]
[NIC "QP.11"]
[Time "20:00:27"]
[PlyCount "74"]
[TimeControl "2400+10"]

1. Nf3 Nf6 2. c4 g6 3. b3 Bg7 4. Bb2 c5 5. e3 O-O 6. Nc3 Nc6 7. Be2 e5 8.
O-O e4 9. Ng5 h6 10. Nh3 d5 11. cxd5 Nxd5 12. Qc2 Ndb4 13. Qb1 Qxd2 14. Rd1
Qc2 15. Qxc2 Nxc2 16. Rac1 N2b4 17. a3 Nd3 18. Bxd3 exd3 19. Nf4 d2 20. Rxd2
Na5 21. Rd5 Nxb3 22. Rb1 b6 23. Nce2 Bxb2 24. Rxb2 Na5 25. Rc2 Bf5 26. Rc3
Be4 27. Re5 Rfe8 28. Rxe8+ Rxe8 29. f3 Bc6 30. e4 Rd8 31. Kf2 Rd2 32. Kg3 g5
33. Nd3 Rxe2 34. Nxc5 bxc5 35. Rxc5 Bxe4 36. Rxa5 Bd3 37. Rxa7 Ra2
{White resigns}
0-1

[Event "ICC tourney 3383 (40 10)"]
[Site "Internet Chess Club"]
[Date "2024.02.10"]
[Round "5"]
[White "STEVENS, ADAM BENJAMIN:Dabs2"]
[Black "GUI, SUYUAN:EatSleepChess"]
[Result "1-0"]
[ICCResult "Black resigns"]
[WhiteElo "2037"]
[BlackElo "1998"]
[Opening "Grünfeld with Bf4 & e3"]
[ECO "D93"]
[NIC "GI.03"]
[Time "20:00:17"]
[PlyCount "161"]
[TimeControl "2400+10"]

1. d4 Nf6 2. c4 g6 3. Nc3 d5 4. Bf4 Bg7 5. e3 O-O 6. Nf3 c5 7. dxc5 Qa5 8.
Rc1 Ne4 9. Qc2 Nxc3 10. bxc3 dxc4 11. Bxc4 Qxc5 12. Bd3 Nc6 13. O-O e5 14.
Bg3 Be6 15. Nd2 Rac8 16. Nb3 Qe7 17. Qe2 Rfd8 18. Rfd1 Rd7 19. Bc4 Bxc4 20.
Qxc4 Rcd8 21. Rxd7 Qxd7 22. h3 Qd5 23. Qxd5 Rxd5 24. c4 Rd8 25. Kf1 h6 26.
Ke2 Bf8 27. c5 f6 28. f3 Kf7 29. e4 Ke6 30. Bf2 Nb4 31. Ra1 Nd3 32. Be3 Nb4
33. Na5 Rd7 34. Nb3 Nc2 35. Rc1 Nxe3 36. Kxe3 Rc7 37. Kd3 b6 38. cxb6 Rxc1
39. Nxc1 axb6 40. Kc4 Kd6 41. Kb5 Kc7 42. Ne2 f5 43. Nc3 Bc5 44. Nd5+ Kb7
45. a4 Bd4 46. Ne7 fxe4 47. fxe4 g5 48. g4 Bc5 49. Nd5 Bd4 50. Nf6 Bc5 51.
Nd7 Bd4 52. Nf8 Bc5 53. Ng6 Bd6 54. Nh8 Bf8 55. Nf7 Bg7 56. Nd6+ Ka7 57.
Nc8+ Kb7 58. Nxb6 Bf8 59. Nc4 Bg7 60. a5 Bf6 61. a6+ Ka7 62. Na5 Ka8 63. Nc6
Bg7 64. Kc5 Bf8+ 65. Kd5 Bg7 66. Nxe5 Ka7 67. Nf7 Kxa6 68. Kd6 Kb7 69. Kd7
Kb6 70. e5 Kc5 71. e6 Bf6 72. e7 Bxe7 73. Kxe7 Kd5 74. Kf6 Ke4 75. Nxh6 Kf4
76. Nf7 Kg3 77. Kf5 Kh4 78. Ne5 Kxh3 79. Kxg5 Kg3 80. Kf6 Kf4 81. g5
{Black resigns}
1-0

[Event "ICC tourney 3383 (40 10)"]
[Site "Internet Chess Club"]
[Date "2024.02.10"]
[Round "5"]
[White "QI, JENNY:eevee11"]
[Black "Yang, Daniel:danielbest"]
[Result "1/2-1/2"]
[ICCResult "Game drawn because neither player has mating material"]
[WhiteElo "1891"]
[BlackElo "2146"]
[Opening "Sicilian: Najdorf"]
[ECO "B90"]
[NIC "SI.14"]
[Time "20:00:11"]
[PlyCount "151"]
[TimeControl "2400+10"]

1. e4 c5 2. Nf3 d6 3. d4 cxd4 4. Nxd4 Nf6 5. Nc3 a6 6. f3 e5 7. Nb3 Be6 8.
Be3 Be7 9. Qd2 Nbd7 10. g4 O-O 11. O-O-O b5 12. g5 Nh5 13. Nd5 Bxd5 14. exd5
f6 15. gxf6 Bxf6 16. Na5 Nf4 17. Bxf4 exf4 18. Nc6 Qb6 19. c3 Ne5 20. Nxe5
Bxe5 21. Bd3 Rac8 22. Kb1 Rfe8 23. Qc2 h6 24. Bf5 b4 25. Bxc8 Rxc8 26. Qf5
Rb8 27. c4 b3 28. axb3 Qxb3 29. Qc2 Qxf3 30. Rhf1 Qe3 31. Rfe1 Qc5 32. Rxe5
dxe5 33. d6 f3 34. d7 Rd8 35. Qf5 Qxc4 36. Qxe5 Qf7 37. Qc7 Qe7 38. Qc4+ Kh8
39. Qxa6 f2 40. Qf1 Qe4+ 41. Kc1 Qf4+ 42. Rd2 Rxd7 43. Qxf2 Rc7+ 44. Kb1
Qe4+ 45. Rc2 Qh1+ 46. Ka2 Qd5+ 47. b3 Qa5+ 48. Kb1 Rb7 49. Rc8+ Kh7 50. Qc2+
g6 51. Qb2 Qe1+ 52. Rc1 Qe4+ 53. Rc2 Qd3 54. Ka2 Qa6+ 55. Qa3 Qb6 56. Kb2
Qd4+ 57. Kb1 Qe3 58. Kb2 Ra7 59. Qc5 Qxc5 60. Rxc5 Kg7 61. Rc6 g5 62. b4 h5
63. Rc5 Kf6 64. h3 Kg6 65. Kb3 g4 66. hxg4 hxg4 67. Rc8 Kf5 68. Rg8 Kf4 69.
b5 g3 70. Kb4 Kf3 71. b6 Rf7 72. Kb5 g2 73. Rxg2 Kxg2 74. Ka6 Kf3 75. b7
Rxb7 76. Kxb7 {Game drawn because neither player has mating material}
1/2-1/2